 Dungeon Crawl Stone Soup version 0.31-a0-920-g28cbb04a8c (webtiles) character file.

Game seed: 8587880913213944790

2661 kae the Vexing (level 9, -5/66 HPs)
             Began as a Demonspawn Enchanter on Oct 17, 2023.
             Slain by a two-headed ogre
             ... wielding a +0 giant club
              (12 damage)
             ... on level 7 of the Dungeon.
             The game lasted 00:07:34 (6618 turns).

kae the Vexing (Demonspawn Enchanter)               Turns: 6618, Time: 00:07:34

Health: -5/66      AC: 13    Str:  9    XL:     9   Next: 36%
Magic:  9/15       EV: 12    Int: 21    God:
Gold:   372        SH:  0    Dex: 13    Spells: 9/17 levels left

rFire   . . .        v - +0 dagger (venom)
rCold   + . .        (no shield)
rNeg    . . .        b - +0 robe
rPois   .            (helmet restricted)
rElec   .            (no cloak)
rCorr   .            f - +1 pair of gloves
SInv    .            (no boots)
Will    .....        (no amulet)
Stlth   +++          Z - ring of wizardry
HPRegen 0.31/turn    C - ring of protection from cold
MPRegen 0.14/turn

%: wizardry (x1)
@: mighty, sanguine armoured
A: demonic guardian 1, powered by pain 1, sanguine armour 2, weakness stinger 2,
claws 1, horns 1
a: no special abilities


You were on level 7 of the Dungeon.
You visited 2 branches of the dungeon, and saw 8 of its levels.

You collected 372 gold pieces.


Innate Abilities, Weirdness & Mutations

A weak demonic guardian rushes to your aid.
You sometimes gain a little power by taking damage.
When seriously injured, your blood forms thick armour. (AC +9)
You have a tail ending in a sharp stinger.
You have sharp fingernails.
You have a pair of small horns on your head.


   Skills:
 + Level 4.6 Fighting
 * Level 6.1 Short Blades
 - Level 1.7 Dodging
 + Level 5.6 Stealth
 + Level 4.6 Spellcasting
 * Level 7.5 Hexes
 - Level 1.0 Ice Magic


You had 9 spell levels left.
You knew the following spells:

 Your Spells              Type           Power      Damage    Failure   Level
a - Ensorcelled Hibernat  Hex/Ice        44%        N/A       1%          2
b - Confusing Touch       Hex            36%        N/A       1%          3
c - Tukima's Dance        Hex            36%        N/A       1%          3

Your spell library contained the following spells:

 Spells                   Type           Power      Damage    Failure   Level
 Dazzling Flash           Conj/Hex       40%        N/A       3%          3
 Sting                    Tmut/Pois      16%        1d3       4%          1
 Poisonous Vapours        Pois/Air       8%         N/A       7%          2
 Scorch                   Fire           8%         2d5       7%          2
 Ozocubu's Armour         Ice            9%         N/A       9%          3
 Volatile Blastmotes      Fire/Tloc      8%         2d10      14%         3
 Metabolic Englaciation   Hex/Ice        11%        N/A       22%         5
 Flame Wave               Conj/Fire      4%         2d5       41%         4
 Olgreb's Toxic Radiance  Pois           4%         N/A       41%         4
 Alistair's Intoxication  Tmut/Pois      2%         N/A       75%         5
 Borgnjor's Vile Clutch   Necr/Erth      2%         N/A       75%         5
 Eringya's Noxious Bog    Tmut/Pois      2%         4d6       99%         6
 Simulacrum               Ice/Necr       3%         N/A       99%         6
 Starburst                Conj/Fire      2%         6d3       99%         6
 Summon Cactus Giant      Summ           2%         N/A       99%         6
 Maxwell's Capacitive Co  Air            2%         ∞         100%        8

Inventory:

Hand Weapons
 a - a +1 dagger
 v - a +0 dagger of venom (weapon)
   (You took it off an orc on level 6 of the Dungeon)
Missiles
 j - 83 stones
 k - a throwing net {=f!f}
 r - 4 boomerangs
Armour
 b - a +0 robe (worn)
 f - a +1 pair of gloves (worn)
   (You found it on level 1 of the Dungeon)
Jewellery
 C - a ring of protection from cold (right hand)
   (You found it on level 3 of the Dungeon)
 Z - a ring of wizardry (left hand)
   (You found it on level 5 of the Dungeon)
Wands
 m - a wand of roots (7)
   (You found it on level 3 of the Dungeon)
 o - a wand of acid (8)
   (You took it off a goblin on level 4 of the Dungeon)
 p - a wand of paralysis (9)
   (You took it off a gnoll on level 4 of the Dungeon)
Scrolls
 e - a scroll of fog
 l - 5 scrolls of vulnerability {!r!r}
 n - a scroll of teleportation {@r4}
Potions
 c - a potion of invisibility
 g - 2 potions of attraction {!q}
 h - 2 potions of might
 i - 3 potions of curing {@q1}
 s - 2 potions of heal wounds {@q2}
 t - a potion of magic
 u - a potion of degeneration {!q}

Dungeon Overview and Level Annotations

Branches:
Dungeon (7/15) Zot: 26388  Temple (1/1) D:4 Zot: 5948

Altars:
Cheibriados
Fedhas
Gozag
Hepliaklqana
Kikubaaqudgha
Makhleb
Okawaru
Qazlal
Sif Muna
Trog
Uskayaw
Wu Jian
Xom
Yredelemnul

Annotations:
D:2 1 runed translucent door, Crazy Yiuf
D:4 Duvessa

g.. #.........
#'############.........
#.#.......)..#......... #
#.#.#........#.........
#####.#.#.########.O.......
#...#.#.#.# #.'.........
#.#.#.#.#.# #.#.........
#.#.#.#.#.######O##########
#.#.#.#.#......#@#
#.#.#.#.........5#
#.#.#.#..#####.###
....#.#...# #.# ....#)##..#
#.# #.#.#)##..# #.#
#.#.#)##..# #.# #†#.#.##..#
#.# #.#.#.).<.# #.#


You could see a two-headed ogre (very poisoned, ally target) and a friendly
quasit (summoned).


Message History

You hit the sleepcap.
The sleepcap is poisoned.
You tail-slap the sleepcap. You hit the sleepcap.
You headbutt the sleepcap, but do no damage.
A sleepcap is nearby!
You hit the sleepcap but do no damage.
You strike the helpless sleepcap from behind!
You puncture the sleepcap! You headbutt the sleepcap.
You destroy the sleepcap! 😎 MP[+1] Key pressed, stopping explore.
No target in view!
No target in view! 😎 MP[+2]
Your mp is fully restored (15).
You open the door.
A hound comes into view.
A two-headed ogre comes into view. It is wielding two +0 giant clubs.
There is an open door here.
There are monsters nearby!
There are monsters nearby!
The hound barks!
The two-headed ogre shouts in stereo!
The two-headed ogre hits you with a +0 giant club!
The two-headed ogre barely misses you. 😕 HP[-12]
You take 12 damage, and now have 54/66 hp.
You hit the two-headed ogre but do no damage.
The two-headed ogre is poisoned.
You headbutt the two-headed ogre. The hound barely misses you.
The two-headed ogre attacks as it pursues you!
The two-headed ogre hits you with a +0 giant club!
A demonic guardian appears!
Your blood congeals into armour.
The two-headed ogre barely misses you. The hound closely misses you. 😮 HP[-15]
You take 15 damage, and now have 39/66 hp.
MASSIVE DAMAGE!! (PAUSE)
The hound attacks as it pursues you! The hound bites you.
Your shadow imp closely misses the hound.
There is an open door here. 😮 HP[-3]
You take 3 damage, and now have 36/66 hp.
The hound misses you.
Your shadow imp hits the hound.
The two-headed ogre hits your shadow imp with a +0 giant club!!
Your shadow imp dies!
Your shadow imp disappears in a puff of smoke! 😮 HP[+1]
You hit the hound.
The hound is poisoned.
Your headbutt misses the hound. The hound bites you.
The hound closely misses you. 😮 HP[-2]
You take 2 damage, and now have 35/66 hp.
You barely miss the hound. You headbutt the hound.
The hound bites you but does no damage.
You hit the hound. The hound barely misses you. 😮 HP[+1]
The two-headed ogre looks more healthy.
The hound attacks as it pursues you! The hound bites you but does no damage.
You hit the hound but do no damage.
The hound looks as sick as possible!
You headbutt the hound, but do no damage.
Your tail-slap misses the hound.
The hound bites you but does no damage.
You hit the hound but do no damage.
The hound looks as sick as possible!
You headbutt the hound, but do no damage.
You kill the hound!
Casting: Confusing Touch (safe; 1% risk of failure)
Confirm with . or Enter, or press ? or * to list all spells.
Aiming: Ensorcelled Hibernation (safe; 1% risk of failure)
Press: ? - help, Shift-Dir - straight line, f - two-headed ogre
Aim: a two-headed ogre, wielding two +0 giant clubs (lightly wounded, chance to affect: 37%)
The two-headed ogre easily resists. 😮 HP[+1] MP[-2]
You lost 2 mp, and now have 13/15 mp.
Casting: Ensorcelled Hibernation (safe; 1% risk of failure)
Confirm with . or Enter, or press ? or * to list all spells.
Aiming: Ensorcelled Hibernation (safe; 1% risk of failure)
Press: ? - help, Shift-Dir - straight line, f/p - two-headed ogre
Aim: a two-headed ogre, wielding two +0 giant clubs (lightly wounded, chance to affect: 37%)
The two-headed ogre easily resists.
The two-headed ogre hits you but does no damage.
The two-headed ogre hits you with a +0 giant club!
* * * LOW HITPOINT WARNING * * *
A demonic guardian appears! 😨 HP[-11] MP[-2]
You take 11 damage, and now have 26/66 hp.
You lost 2 mp, and now have 11/15 mp.
Unknown command.
Casting: Ensorcelled Hibernation (safe; 1% risk of failure)
Confirm with . or Enter, or press ? or * to list all spells.
Aiming: Ensorcelled Hibernation (safe; 1% risk of failure)
Press: ? - help, Shift-Dir - straight line, f/p - two-headed ogre
Aim: a two-headed ogre, wielding two +0 giant clubs (lightly wounded, ally target, chance to affect: 37%)
The two-headed ogre looks drowsy... 😨 MP[-2]
You lost 2 mp, and now have 9/15 mp.
Unknown command.
The helpless two-headed ogre fails to defend itself.
You impale the two-headed ogre!!
The two-headed ogre is poisoned.
The two-headed ogre hits you with a +0 giant club!!
* * * LOW HITPOINT WARNING * * *
You focus on the pain.
You feel very mighty all of a sudden.
The two-headed ogre hits you with a +0 giant club!
You die...

Skill      XL: |  1  2  3  4  5  6  7  8  9 |
---------------+----------------------------+-----
Short Blades   | 1 2 3 4 5 6 |  6.1
Stealth        | 3 4 5 |  5.6
Fighting       | 1 2 3 4 |  4.6
Hexes          | 4 5 7 |  7.5
Ice Magic      | 1 |  1.0
Spellcasting   | 3 4 |  4.6
Dodging        | |  1.7

Action                     |  1- 3 |  4- 6 |  7- 9 || total
---------------------------+-------+-------+-------++-------
  Melee: Dagger            |   142 |   118 |   270 ||   530
         Punch             |     2 |     2 |     4 ||     8
         Tailslap          |       |     6 |    42 ||    48
         Headbutt          |       |       |    35 ||    35
   Cast: Ensorcelled Hiber |     8 |    23 |    61 ||    92
         Confusing Touch   |       |     1 |     8 ||     9
  Evoke: Wand              |       |       |     2 ||     2
    Use: Scroll            |     1 |     3 |     8 ||    12
         Potion            |       |     1 |     4 ||     5
   Stab: Sleeping          |    13 |    28 |    37 ||    78
         Invisible         |       |     2 |       ||     2
         Confused          |       |     2 |     6 ||     8
 Armour: Robe              |    75 |    57 |   206 ||   338
  Dodge: Dodged            |    91 |    60 |   195 ||   346

Levels and vault maps discovered:
D:1:      dpeg_arrival_boxes_within_box, layout_basic, st_stairs_10
D:2:      layout_basic, serial_glass, glass_columns_a, glass_columns_c,
          uniq_natasha, uniq_crazy_yiuf_cottage
D:3:      layout_rooms, nzn_wu_jian_council_hall
D:4:      layout_rooms, zin_statuary, minmay_temple_entry_glass, uniq_duvessa
D:5:      layout_rooms, uniq_menkaure
D:6:      corexii_shantytown, layout_basic, grunt_qazlal_clouds, uniq_eustachio
D:7:      layout_basic
Temple:   eino_narrow_crystal_temple

Notes
Turn   | Place    | Note
-------+----------+-------------------------------------------
     0 | D:1      | kae the Demonspawn Enchanter began the quest for the Orb.
     0 | D:1      | Reached XP level 1. HP: 13/13 MP: 3/3
     0 | D:1      | magus.rc [v1.11.3]
     4 | D:1      | You pick up a book of Winter and begin reading...
     4 | D:1      | You add the spells Ozocubu's Armour, Metabolic Englaciation
                  | and Simulacrum to your library.
    54 | D:1      | Reached skill level 1 in Short Blades
   101 | D:1      | Gained mutation: When seriously injured, your blood forms
                  | armour. (AC +9) [demonic ancestry]
   101 | D:1      | Reached XP level 2. HP: 19/19 MP: 5/5
   104 | D:1      | Learned a level 2 spell: Ensorcelled Hibernation
   413 | D:1      | Reached XP level 3. HP: 25/25 MP: 6/6
   417 | D:1      | Learned a level 3 spell: Confusing Touch
   936 | D:1      | Reached skill level 3 in Stealth
  1074 | D:2      | You pick up a book of Scorching and begin reading...
  1074 | D:2      | You add the spells Scorch, Flame Wave and Summon Cactus
                  | Giant to your library.
  1147 | D:2      | Reached skill level 1 in Fighting
  1161 | D:2      | Found a runed translucent door.
  1162 | D:2      | Noticed Crazy Yiuf
  1214 | D:2      | Noticed Natasha
  1217 | D:2      | Killed Natasha
  1218 | D:2      | Gained mutation: When seriously injured, your blood forms
                  | thick armour. (AC +9) [demonic ancestry]
  1218 | D:2      | Reached XP level 4. HP: 17/32 MP: 4/7
  1749 | D:2      | Noticed Natasha
  1752 | D:2      | Killed Natasha
  1753 | D:2      | Reached skill level 2 in Short Blades
  1796 | D:2      | Noticed Natasha
  1811 | D:2      | Killed Natasha
  1990 | D:3      | Identified the +2 chain mail of Ignis's Displeasure {rCorr
                  | Dex+4}
  2030 | D:3      | Gained mutation: You sometimes gain a little power by
                  | taking damage. [demonic ancestry]
  2030 | D:3      | Reached XP level 5. HP: 37/37 MP: 8/8
  2115 | D:3      | Reached skill level 4 in Hexes
  2146 | D:3      | You pick up a book of Spectacle and begin reading...
  2146 | D:3      | You add the spells Volatile Blastmotes, Starburst and
                  | Maxwell's Capacitive Coupling to your library.
  2332 | D:3      | Reached skill level 1 in Ice Magic
  2449 | D:3      | Found an ornate altar of the Wu Jian Council.
  2558 | D:4      | Learned a level 3 spell: Tukima's Dance
  2778 | D:4      | Noticed Duvessa
  2832 | D:4      | Found a staircase to the Ecumenical Temple.
  2917 | D:4      | Gained mutation: You have a small tail. [demonic ancestry]
  2917 | D:4      | Reached XP level 6. HP: 36/44 MP: 1/10
  2960 | Temple   | Entered the Ecumenical Temple
  3244 | D:4      | Reached skill level 2 in Fighting
  3361 | D:5      | Entered Level 5 of the Dungeon
  3364 | D:5      | Reached skill level 3 in Short Blades
  3530 | D:5      | Reached skill level 3 in Spellcasting
  3530 | D:5      | Gained mutation: A weak demonic guardian rushes to your
                  | aid. [demonic ancestry]
  3530 | D:5      | Reached XP level 7. HP: 27/51 MP: 6/11
  3653 | D:5      | Reached skill level 5 in Hexes
  3853 | D:5      | Reached skill level 4 in Stealth
  3855 | D:5      | Noticed Menkaure
  3869 | D:5      | Killed Menkaure
  3870 | D:5      | Reached skill level 4 in Short Blades
  3914 | D:5      | HP: 12/51 [poisoned by a scorpion]
  3915 | D:5      | Reached skill level 3 in Fighting
  4258 | D:5      | You add the spells Alistair's Intoxication, Borgnjor's Vile
                  | Clutch and Eringya's Noxious Bog to your library.
  4320 | D:5      | HP: 13/52 [ufetubus (2)]
  4325 | D:5      | HP: 10/52 [ufetubus (2)]
  4330 | D:5      | Gained mutation: You have sharp fingernails. [potion of
                  | mutation]
  4330 | D:5      | Gained mutation: You have a pair of small horns on your
                  | head. [potion of mutation]
  4330 | D:5      | HP: 5/52 [ufetubus (1)]
  4525 | D:6      | Gained mutation: You have a tail ending in a sharp stinger.
                  | [demonic ancestry]
  4525 | D:6      | Reached XP level 8. HP: 41/58 MP: 8/13
  5024 | D:6      | Noticed Eustachio
  5044 | D:6      | Killed Eustachio
  5045 | D:6      | Reached skill level 6 in Hexes
  5124 | D:6      | Reached skill level 5 in Short Blades
  5270 | D:6      | Identified the +9 long sword of the Spheres {pain, Fragile
                  | Fly Str+5}
  5283 | D:6      | Found a stormy altar of Qazlal.
  5454 | D:6      | You add the spells Sting, Poisonous Vapours and Olgreb's
                  | Toxic Radiance to your library.
  5486 | D:6      | Reached skill level 4 in Spellcasting
  6065 | D:7      | Reached skill level 4 in Fighting
  6065 | D:7      | Reached skill level 5 in Stealth
  6092 | D:7      | Reached skill level 7 in Hexes
  6092 | D:7      | Reached XP level 9. HP: 24/65 MP: 12/15
  6253 | D:7      | Reached skill level 6 in Short Blades
  6599 | D:7      | Noticed a two-headed ogre
  6618 | D:7      | HP: 7/66 [two-headed ogre/+0 giant club (20)]
  6618 | D:7      | Slain by a two-headed ogre

Vanquished Creatures
  5 yaks
  Eustachio (D:6)
  Menkaure (D:5)
  A water moccasin (D:5)
  A sky beast (D:6)
  An ogre (D:5)
  3 bullfrogs
  A gnoll sergeant (D:7)
  2 scorpions
  A howler monkey (D:6)
  6 hounds
  3 sleepcaps
  A jelly (D:4)
  2 iguanas (D:5)
  3 orc wizards
  Natasha (thrice) (D:2)
  10 gnolls
  5 adders
  2 white imps
  2 ufetubi (D:5)
  2 worms
  4 dart slugs
  17 orcs
  8 endoplasms
  4 giant cockroaches
  14 goblins
  9 hobgoblins
  7 jackals
  4 quokkas
  4 ball pythons (D:1)
  6 bats
  2 frilled lizards
  9 kobolds
  7 rats
151 creatures vanquished.

Vanquished Creatures (collateral kills)
  A yak (D:7)
  A scorpion (D:5)
2 creatures vanquished.

Grand Total: 153 creatures vanquished

Table legend:
 A = Non-vault XP
 B = Vault XP
 C = Vault XP percentage of total XP
 D = Non-vault monster count
 E = Vault monster count
 F = Vault count percentage of total count
                 A         B        C        D         E       F
            +---------+---------+-------+---------+---------+-------
      Total |    3322 |     480 |  12.6 |     119 |      34 |  22.2
            +---------+---------+-------+---------+---------+-------
        D:1 |      62 |       6 |   8.8 |      33 |       3 |   8.3
        D:2 |      77 |      35 |  31.2 |       6 |       1 |  14.3
        D:3 |      38 |       0 |   0.0 |      15 |       0 |   0.0
        D:4 |     216 |       0 |   0.0 |      16 |       0 |   0.0
        D:5 |     757 |     165 |  17.9 |      17 |       1 |   5.6
        D:6 |     914 |     274 |  23.1 |      20 |      29 |  59.2
        D:7 |    1258 |       0 |   0.0 |      12 |       0 |   0.0
            +---------+---------+-------+---------+---------+-------

Skill      XL: |  1  2  3  4  5  6  7  8  9 |
---------------+----------------------------+-----
Short Blades   | 1 2 3 4 5 6 |  6.1
Stealth        | 3 4 5 |  5.6
Fighting       | 1 2 3 4 |  4.6
Hexes          | 4 5 7 |  7.5
Ice Magic      | 1 |  1.0
Spellcasting   | 3 4 |  4.6
Dodging        | |  1.7

Action                     |  1- 3 |  4- 6 |  7- 9 || total
---------------------------+-------+-------+-------++-------
  Melee: Dagger            |   142 |   118 |   270 ||   530
         Punch             |     2 |     2 |     4 ||     8
         Tailslap          |       |     6 |    42 ||    48
         Headbutt          |       |       |    35 ||    35
   Cast: Ensorcelled Hiber |     8 |    23 |    61 ||    92
         Confusing Touch   |       |     1 |     8 ||     9
  Evoke: Wand              |       |       |     2 ||     2
    Use: Scroll            |     1 |     3 |     8 ||    12
         Potion            |       |     1 |     4 ||     5
   Stab: Sleeping          |    13 |    28 |    37 ||    78
         Invisible         |       |     2 |       ||     2
         Confused          |       |     2 |     6 ||     8
 Armour: Robe              |    75 |    57 |   206 ||   338
  Dodge: Dodged            |    91 |    60 |   195 ||   346

Illustrated notes

Table legend:
 A = Kills in this place as a percentage of kills in the entire game.
 B = Kills by you in this place as a percentage of kills by you in the entire game.
 C = Kills by friends in this place as a percentage of kills by friends in the entire game.
 D = Other kills in this place as a percentage of other kills in the entire game.
 E = Experience gained in this place as a percentage of experience gained in the entire game.
 F = Experience gained in this place divided by the number of levels of this place that you have seen.
                   A       B       C       D       E      F
               +-------+-------+-------+-------+-------+----------------------
         Total | 100.0 | 100.0 | 100.0 | 100.0 | 100.0 | 475.2
       Dungeon | 100.0 | 100.0 | 100.0 | 100.0 | 100.0 | 543.1
               +-------+-------+-------+-------+-------+----------------------

Table legend: (Time is in decaauts)
 A = Elapsed time spent in this place.
 B = Non-inter-level travel time spent in this place.
 C = Inter-level travel time spent in this place.
 D = Time resting spent in this place.
 E = Time spent auto-exploring this place.
 F = Levels seen in this place.
 G = Mean time per level.
                   A        B        C        D        E       F      G
               +--------+--------+--------+--------+--------+-----+--------+
         Total |   6531 |   6405 |    126 |    437 |   4627 |   8 |  816.4 |
       Dungeon |   6479 |   6354 |    125 |    437 |   4577 |   7 |  925.6 |
        Temple |     51 |     50 |      1 |      0 |     50 |   1 |   51.0 |
               +--------+--------+--------+--------+--------+-----+--------+

Top non-repeatable levels by time:
     D:6: 1557 daAuts
     D:5: 1124 daAuts
     D:1: 1053 daAuts
     D:2: 909 daAuts
     D:4: 751 daAuts
     D:3: 573 daAuts
     D:7: 509 daAuts
  Temple: 51 daAuts
